 Dungeon Crawl Stone Soup version 0.27-a0-1502-g47ed6a6988 (webtiles) character file.

Game seed: 15474127880895611908

2599 Sobieck the Cleaver (level 9, -14/65 HPs)
             Began as a Formicid Gladiator on July 8, 2021.
             Was a Believer of Okawaru.
             Demolished by an orc warlord (17 damage)
             ... on level 8 of the Dungeon.
             The game lasted 00:19:00 (5679 turns).

Sobieck the Cleaver (Formicid Gladiator)            Turns: 5679, Time: 00:19:00

Health: -14/65     AC: 12    Str: 23    XL:     9   Next: 89%
Magic:  11/11      EV:  8    Int:  7    God:    Okawaru [**....]
Gold:   829        SH: 10    Dex: 24    Spells: 8/8 levels left

rFire    . . .     SeeInvis +   G - +0 broad axe {axe}
rCold    . . .     Faith    .   B - +0 kite shield
rNeg     . . .     Spirit   .   r - +0 chain mail
rPois    .         Reflect  .   (helmet unavailable)
rElec    .         Harm     .   j - +1 cloak
rCorr    .         Rampage  .   p - +0 pair of gloves
Will     .....                  (no boots)
Stlth    ..........             x - amulet of regeneration {@e2}
HPRegen  1.20/turn              w - +6 ring of dexterity
MPRegen  0.12/turn              v - +6 ring of dexterity

@: no status effects
A: permanent stasis, dig shafts and tunnels, antennae 3, four strong arms
a: Dig, Shaft Self, Renounce Religion, Heroism


You were on level 8 of the Dungeon.
You worshipped Okawaru.
Okawaru was pleased with you.
You visited 2 branches of the dungeon, and saw 9 of its levels.
You also visited: Ossuary and Bailey.

You collected 829 gold pieces.


Innate Abilities, Weirdness & Mutations

You cannot be hasted, slowed, berserked, paralysed or teleported.
You can dig through walls and to a lower floor.
You have a pair of large antennae on your head. (SInv)
Your four strong arms can wield two-handed weapons with a shield.


   Skills:
 + Level 3.8 Fighting
 + Level 11.2 Axes
 - Level 2.0 Throwing
 + Level 2.6 Armour
 + Level 3.8 Dodging
 + Level 3.0 Shields
 + Level 3.1 Invocations


You had 8 spell levels left.
You didn't know any spells.
Your spell library contained the following spells:

 Spells                   Type           Power      Damage    Failure   Level
 Animate Skeleton         Necr           0%         N/A       100%        1
 Pain                     Necr           0%         1d4       100%        1
 Dazzling Flash           Conj/Hex       0%         N/A       100%        3
 Summon Guardian Golem    Hex/Summ       0%         N/A       100%        3
 Vampiric Draining        Necr           0%         2d6       100%        3
 Iskenderun's Mystic Bla  Conj/Tloc      0%         2d3       100%        4
 Starburst                Conj/Fire      0%         8x6d3     100%        6
 Orb of Destruction       Conj           0%         N/A       100%        7
 Spellforged Servitor     Conj/Summ      0%         N/A       100%        7

Inventory:

Hand Weapons
 a - a +0 war axe {axe}
 f - a +0 shortbow {bow}
   (You took it off a centaur on level 4 of the Dungeon)
 C - a +1 whip of venom {mace}
   (You took it off a gnoll on level 7 of the Dungeon)
 G - a +0 broad axe (weapon) {axe}
   (You took it off an orc warrior in a bailey)
Missiles
 c - 3 throwing nets {=f!fthrowing}
 d - 109 stones {throwing}
 h - 50 arrows
 k - 40 sling bullets
 q - 2 datura-tipped darts {throwing}
 y - 20 poisoned darts (quivered) {throwing}
 z - 12 boomerangs {throwing}
Armour
 j - a +1 cloak (worn)
   (You found it on level 1 of the Dungeon)
 m - a +0 leather armour
 p - a +0 pair of gloves (worn)
   (You found it on level 2 of the Dungeon)
 r - a +0 chain mail (worn)
   (You found it on level 2 of the Dungeon)
 B - a +0 kite shield (worn)
   (You took it off a gnoll sergeant on level 4 of the Dungeon)
Jewellery
 i - a ring of see invisible
   (You found it on level 4 of the Dungeon)
 l - a ring of resist corrosion
   (You found it on level 1 of the Dungeon)
 n - an amulet of the acrobat
   (You found it on level 1 of the Dungeon)
 v - a +6 ring of dexterity (right hand)
   (You found it on level 3 of the Dungeon)
 w - a +6 ring of dexterity (left hand)
   (You found it on level 3 of the Dungeon)
 x - an amulet of regeneration (around neck) {@e2}
   (You found it on level 3 of the Dungeon)
Scrolls
 e - 2 scrolls of immolation {!r!r}
 t - a scroll of acquirement
 F - 2 scrolls of magic mapping {!r}
Potions
 b - a potion of brilliance
 g - a potion of flight {unknown}
 o - a potion of magic
 s - 3 potions of curing {@q1}
 u - a potion of might {unknown}
 A - a potion of invisibility {unknown}
 D - a potion of ambrosia {unknown}
 E - a potion of lignification {unknown}
 J - a potion of mutation {unknown}
 K - a potion of haste {unknown}

Dungeon Overview and Level Annotations

Branches:
Dungeon (8/15)             Temple (1/1) D:4            Lair (0/6) D:8
Ossuary (visited)          Bailey (visited)

Altars:
Ashenzari
Dithmenos
Fedhas
Gozag
Makhleb
Okawaru
Sif Muna
Trog
Vehumet
Wu Jian
Xom
Zin
The Shining One

Shops:
D:1 (   D:8 *

Annotations:
D:5 Prince Ribbit

*,,,,*,,,,,*,,,,,,*
*,,,,#...,,+.....,*
*,,,,+....,*.....,*
******##+####..###.....,*
**,,,,,#........8.....#***
*,,,,,,#.....8.....8..#
*,,,,,,#..............#
*,,,,,,#........o.....#
*,,,,,,#...8....@....8#
*,,,,,,#..............#
*,,,,,,#.....[[.......#
*,,,,,,#.....8.....8..#
**,###+#.....[[.8.....#
**#..............#####
#.......######## #.......#
* #.......#


You could see an orc warlord.


Message History

a +0 war axe {axe}; a +0 chain mail; an orc corpse ๐Ÿ˜ฎ HP[+1] ๐Ÿ˜ฎ HP[+1] ๐Ÿ˜ฎ HP[+1] ๐Ÿ˜ฎ HP[+1]
Things that are here:
a +0 hand axe {axe}; a +0 leather armour; an orc skeleton ๐Ÿ˜ฎ HP[+2]
You regained 2 hp, and now have 45/65 hp.
Things that are here:
a +0 hand axe {axe}; a +0 leather armour ๐Ÿ˜ฎ HP[+1]
The orc warlord looks more healthy. ๐Ÿ˜ฎ HP[+1]
Things that are here:
a +0 hand axe {axe}; a gnoll skeleton; a goblin skeleton ๐Ÿ˜ฎ HP[+1]
There is an open door, spattered with blood here.
Things that are here:
a +0 broad axe {axe}; a +0 chain mail; ๐Ÿ˜• HP[+1]
Things that are here:
a +0 hand axe {axe}; a +0 leather armour ๐Ÿ˜• HP[+2]
You regained 2 hp, and now have 51/65 hp. ๐Ÿ˜• HP[+1] ๐Ÿ˜• HP[+1] ๐Ÿ˜• HP[+1]
Items here: $ ) [ รท. ๐Ÿ˜• HP[+1]
Okay, then.
Okay, then.
You gain the combat prowess of a mighty hero.
You block the orc warlord's attack. ๐Ÿ˜• HP[+2] MP[-2]
You regained 2 hp, and now have 57/65 hp.
You lost 2 mp, and now have 9/11 mp.
You slash the orc warlord!
You block the orc warlord's attack. ๐Ÿ˜• HP[+1]
You slice the orc warlord!!
The orc warlord hits you with a +0 dire flail! ๐Ÿ˜ฎ HP[-15]
You take 15 damage, and now have 43/65 hp.
MASSIVE DAMAGE!! (PAUSE)
You barely miss the orc warlord.
You block the orc warlord's attack. ๐Ÿ˜ฎ HP[+1] Unknown command.
You barely miss the orc warlord.
You block the orc warlord's attack. ๐Ÿ˜ฎ HP[+1] Unknown command.
You closely miss the orc warlord. ๐Ÿ˜ฎ HP[+1] Unknown command.
You slash the orc warlord!
You block the orc warlord's attack. ๐Ÿ˜ฎ HP[+1]
You completely miss the orc warlord.
The orc warlord hits you with a +0 dire flail!!
* * * LOW HITPOINT WARNING * * *
๐Ÿ˜ฑ HP[-31]
You take 31 damage, and now have 16/65 hp.
MASSIVE DAMAGE!! (PAUSE)
You slash the orc warlord!
You block the orc warlord's attack. ๐Ÿ˜จ HP[+1]
You hit the orc warlord.
The orc warlord hits you with a +0 dire flail!
* * * LOW HITPOINT WARNING * * *
๐Ÿ˜ฑ HP[-14] MP[+1]
You take 14 damage, and now have 3/65 hp.
MASSIVE DAMAGE!! (PAUSE)
You barely miss the orc warlord.
The orc warlord hits you with a +0 dire flail.
* * * LOW HITPOINT WARNING * * *
๐Ÿ˜ฑ HP[-2]
You take 2 damage, and now have 1/65 hp.
Unknown command.
Okay, then.
Okay, then. ๐Ÿ˜ฑ HP[+1] ๐Ÿ˜ฑ HP[+1]
There is an open gate here.
Things that are here:
a +0 hand axe {axe}; a +0 leather armour ๐Ÿ˜ฑ HP[+1] ๐Ÿ˜ฑ HP[+2]
You regained 2 hp, and now have 6/65 hp. ๐Ÿ˜ฑ HP[+1]
There is a gate leading back out of this place here. ๐Ÿ˜ฑ HP[+1]
You block the orc warlord's attack.
Welcome back to the Dungeon!
You feel like a meek peon again.
There is an empty arch of ancient stone here. ๐Ÿ˜ฑ HP[+3] MP[+1]
You regained 3 hp, and now have 11/65 hp.
Your mp is fully restored (11).
Are you sure you want to shaft yourself?
The orc warlord hits you with a +0 dire flail!
* * * LOW HITPOINT WARNING * * *
You begin to dig a shaft.
You continue digging a shaft.
The orc warlord hits you with a +0 dire flail!
You die...

Skill      XL: |  1  2  3  4  5  6  7  8  9 |
---------------+----------------------------+-----
Axes           | 4 5 6 7 8 10 11 | 11.2
Armour         | 2 |  2.6
Dodging        | 3 |  3.8
Shields        | 3 |  3.0
Invocations    | 3 |  3.1
Fighting       | 3 |  3.8
Throwing       | |  2.0

Action                   |  1- 3 |  4- 6 |  7- 9 || total
-------------------------+-------+-------+-------++-------
Melee: War axe           |    76 |    95 |   329 ||   500
       Broad axe         |       |       |    17 ||    17
 Fire: Shortbow          |       |    44 |    23 ||    67
Throw: Stone             |       |     5 |       ||     5
       Dart              |       |       |     2 ||     2
Invok: Heroism           |       |       |     5 ||     5
 Abil: Dig               |     1 |     3 |     1 ||     5
       Shaft Self        |       |       |     1 ||     1
  Use: Potion            |       |     2 |       ||     2
       Scroll            |       |     7 |     8 ||    15
Armor: Leather armour    |    19 |     4 |       ||    23
       Chain mail        |       |    37 |   115 ||   152
Dodge: Dodged            |    50 |    65 |    74 ||   189
Block: Kite shield       |       |       |   125 ||   125

Levels and vault maps discovered:
D:1:      dpeg_arrival_rooms_with_view, layout_basic,
          dilly_ecumenical_altar_fadedgnrine, serial_shops, shop,
          minmay_misc_feat_five, minmay_tromino_v4_b
D:2:      layout_basic, uniq_natasha
D:3:      layout_basic, mainiacjoe_overflow_surrounded_room, corner_web_ring
D:4:      layout_rooms, temple_hall_moat, minmay_between
D:5:      old_forge, layout_basic, old_standard_altar, slow_altar_1,
          lemuel_crystal_altar, mainiacjoe_overflow_alcove_4,
          uniq_prince_ribbit1
D:6:      layout_gridville, kennysheep_mini_moat, minitemple
D:7:      gammafunk_steamed_eel, layout_rooms, serial_curves, eino_curves_02,
          eino_curves_02, eino_curves_03
D:8:      layout_gridville, ashenzari_conservatory_becter, david_lair_generic,
          nicolae_ossuary_entry_giza, enter_bailey_6, guppyfry_shop_venom
Temple:   compressed_dpeg_circular_temple

Notes
Turn   | Place    | Note
-------+----------+-------------------------------------------
     0 | D:1      | Sobieck the Formicid Gladiator began the quest for the Orb.
     0 | D:1      | Reached XP level 1. HP: 16/16 MP: 1/1
     0 | D:1      | magus.rc [v1.9.6]
   243 | D:1      | Reached XP level 2. HP: 22/22 MP: 2/2
   643 | D:1      | Reached skill level 4 in Axes
   643 | D:1      | Reached XP level 3. HP: 25/27 MP: 3/3
   741 | D:1      | Found Seuh's Weapon Shoppe.
  1260 | D:1      | Found a faded altar of an unknown god.
  1443 | D:2      | Reached XP level 4. HP: 31/33 MP: 4/4
  1766 | D:2      | You fall into a shaft and drop 2 floors!
  2010 | D:2      | Noticed Natasha
  2016 | D:2      | Killed Natasha
  2017 | D:2      | Reached skill level 5 in Axes
  2020 | D:2      | Noticed Natasha
  2033 | D:2      | Killed Natasha
  2034 | D:2      | Reached XP level 5. HP: 11/38 MP: 5/5
  2345 | D:2      | You pick up a book of Necromancy and begin reading...
  2345 | D:2      | You add the spells Pain, Animate Skeleton and Vampiric
                  | Draining to your library.
  2435 | D:4      | Noticed a centaur
  2576 | D:4      | HP: 2/38 [centaur/arrow (11)]
  2583 | D:4      | Killed a centaur
  2584 | D:4      | Reached skill level 6 in Axes
  2584 | D:4      | Reached XP level 6. HP: 21/44 MP: 6/6
  2796 | D:3      | Found an ornate altar of the Wu Jian Council.
  3170 | D:3      | You pick up a book of Spectacle and begin reading...
  3170 | D:3      | You add the spells Dazzling Flash, Iskenderun's Mystic
                  | Blast and Starburst to your library.
  3458 | D:3      | Identified a scroll of acquirement
  3458 | D:3      | Acquired 672 gold pieces
  3559 | D:4      | Found a staircase to the Ecumenical Temple.
  3563 | Temple   | Entered the Ecumenical Temple
  3583 | Temple   | Became a worshipper of Warmaster Okawaru
  3686 | D:4      | You pick up a book of Dangerous Friends and begin
                  | reading...
  3686 | D:4      | You add the spells Summon Guardian Golem, Orb of
                  | Destruction and Spellforged Servitor to your library.
  3803 | D:4      | Reached skill level 7 in Axes
  3925 | D:5      | Entered Level 5 of the Dungeon
  3925 | D:5      | Noticed an ogre
  3946 | D:4      | Reached XP level 7. HP: 28/50 MP: 7/7
  3947 | D:4      | HP: 12/50 [ogre (7)]
  3949 | D:4      | Reached skill level 8 in Axes
  4202 | D:5      | Reached * piety under Okawaru
  4222 | D:5      | Reached XP level 8. HP: 56/56 MP: 8/8
  4247 | D:4      | Reached skill level 9 in Axes
  4401 | D:5      | Noticed Prince Ribbit
  4453 | D:5      | Found a shimmering blue altar of Sif Muna.
  4497 | D:8      | Found a broken altar of Ashenzari.
  4579 | D:8      | Found a sand-covered staircase.
  4588 | Ossuary  | Entered an ossuary
  4812 | Ossuary  | Reached skill level 10 in Axes
  4953 | D:8      | Found Voyrphoq's Serpentskin Sales.
  5008 | D:8      | Found a flagged portal.
  5037 | Bailey   | Entered a bailey
  5122 | Bailey   | Reached XP level 9. HP: 45/61 MP: 9/9
  5241 | Bailey   | Reached skill level 11 in Axes
  5296 | Bailey   | Reached ** piety under Okawaru
  5302 | Bailey   | HP: 13/62 [orc warrior (11)]
  5302 | Bailey   | HP: 3/62 [orc warrior (10)]
  5319 | Bailey   | HP: 15/62 [orc warrior (9)]
  5322 | Bailey   | HP: 4/62 [orc warrior (6)]
  5325 | Bailey   | Reached skill level 1 in Armour
  5325 | Bailey   | Reached skill level 3 in Dodging
  5325 | Bailey   | Reached skill level 1 in Shields
  5325 | Bailey   | Reached skill level 1 in Invocations
  5447 | Bailey   | Noticed an orc knight
  5485 | Bailey   | HP: 5/62 [orc knight (14)]
  5486 | Bailey   | Killed an orc knight
  5487 | Bailey   | Reached skill level 3 in Fighting
  5487 | Bailey   | Reached skill level 2 in Armour
  5487 | Bailey   | Reached skill level 2 in Shields
  5487 | Bailey   | Reached skill level 2 in Invocations
  5572 | Bailey   | Reached skill level 3 in Invocations
  5625 | Bailey   | Reached skill level 3 in Shields
  5626 | Bailey   | Noticed an orc warlord
  5666 | Bailey   | HP: 16/65 [orc warlord (32)]
  5668 | Bailey   | HP: 3/65 [orc warlord (15)]
  5669 | Bailey   | HP: 1/65 [orc warlord (3)]
  5678 | D:8      | HP: 2/65 [orc warlord (10)]
  5679 | D:8      | Demolished by an orc warlord

Vanquished Creatures
  An orc knight (Bailey)
  A water moccasin (D:8)
  An ice beast (D:5)
  8 orc warriors
  An ogre (D:4)
  A black bear (D:5)
  A centaur (D:4)
  A gnoll sergeant (D:4)
  A scorpion (D:4)
  A centaur zombie (Ossuary)
  2 human zombies (Ossuary)
  4 jellies
  2 gnoll shamans
  An iguana (D:4)
  Natasha (twice) (D:2)
  An orc wizard (D:8)
  2 hound skeletons (D:4)
  5 mummies
  3 adders
  18 gnolls
  2 worms (D:2)
  5 dart slugs
  12 orcs
  7 ball pythons
  3 bats
  7 endoplasms
  A giant cockroach (D:3)
  A gnoll zombie (Ossuary)
  27 goblins
  17 hobgoblins
  6 jackals (D:1)
  5 kobolds
  2 quokkas
  5 frilled lizards
  2 goblin zombies (Ossuary)
  A hobgoblin zombie (Ossuary)
  A kobold zombie (Ossuary)
  An orc zombie (D:8)
  3 rats
165 creatures vanquished.

Table legend:
 A = Non-vault XP
 B = Vault XP
 C = Vault XP percentage of total XP
 D = Non-vault monster count
 E = Vault monster count
 F = Vault count percentage of total count
                 A         B        C        D         E       F
            +---------+---------+-------+---------+---------+-------
      Total |    1419 |    2295 |  61.8 |      85 |      80 |  48.5
            +---------+---------+-------+---------+---------+-------
        D:1 |      43 |       5 |  10.4 |      20 |       3 |  13.0
        D:2 |      81 |      36 |  30.8 |      17 |       1 |   5.6
        D:3 |      29 |       0 |   0.0 |      15 |       0 |   0.0
        D:4 |     682 |      46 |   6.3 |      19 |       3 |  13.6
        D:5 |     345 |       0 |   0.0 |       6 |       0 |   0.0
        D:7 |      56 |       0 |   0.0 |       2 |       0 |   0.0
        D:8 |     183 |     182 |  49.9 |       6 |       6 |  50.0
    Ossuary |       0 |     221 | 100.0 |       0 |      12 | 100.0
     Bailey |       0 |    1805 | 100.0 |       0 |      55 | 100.0
            +---------+---------+-------+---------+---------+-------

Illustrated notes

Table legend:
 A = Kills in this place as a percentage of kills in entire the game.
 B = Kills by you in this place as a percentage of kills by you in the entire game.
 C = Kills by friends in this place as a percentage of kills by friends in the entire game.
 D = Other kills in this place as a percentage of other kills in the entire game.
 E = Experience gained in this place as a percentage of experience gained in the entire game.
 F = Experience gained in this place divided by the number of levels of this place that you have seen.
                   A       B       C       D       E      F
               +-------+-------+-------+-------+-------+----------------------
         Total | 100.0 | 100.0 |   N/A |   N/A | 100.0 | 337.6
       Dungeon |  59.4 |  59.4 |   N/A |   N/A |  45.4 | 211.0
       Ossuary |   7.3 |   7.3 |   N/A |   N/A |   6.0 | 221.0
        Bailey |  33.3 |  33.3 |   N/A |   N/A |  48.6 | 1805.0
               +-------+-------+-------+-------+-------+----------------------

Table legend: (Time is in decaauts)
 A = Elapsed time spent in this place.
 B = Non-inter-level travel time spent in this place.
 C = Inter-level travel time spent in this place.
 D = Time resting spent in this place.
 E = Time spent auto-exploring this place.
 F = Levels seen in this place.
 G = Mean time per level.
                   A        B        C        D        E       F      G
               +--------+--------+--------+--------+--------+-----+--------+
         Total |   5807 |   5558 |    249 |   1074 |   2443 |  11 |  527.9 |
       Dungeon |   4749 |   4513 |    236 |    958 |   2368 |   8 |  593.6 |
        Temple |    100 |     87 |     13 |      0 |     75 |   1 |  100.0 |
       Ossuary |    292 |    292 |      0 |     13 |      0 |   1 |  292.0 |
        Bailey |    665 |    665 |      0 |    103 |      0 |   1 |  665.0 |
               +--------+--------+--------+--------+--------+-----+--------+

Top non-repeatable levels by time:
     D:1: 1297 daAuts
     D:2: 1124 daAuts
     D:3: 915 daAuts
     D:4: 840 daAuts
  Bailey: 665 daAuts
 Ossuary: 292 daAuts
     D:5: 258 daAuts
     D:8: 257 daAuts
  Temple: 100 daAuts
     D:7: 42 daAuts
     D:6: 13 daAuts
